AoeStats
← Jobrek'er

Arabia

510216334Analyzed
1v1 RM · 4d ago on Sep 30, 2026· 24m 49s· 2 players
Game mode
Random Map
Map size
Tiny (2 player)
Population
200
Speed
Normal
Resources
Standard
Victory
Conquest
Starting age
Dark Age
Ending age
Imperial Age
RankedLock teamsTeams togetherTeam positionsShared explorationLock speedFull tech treeHidden civsTurbo modeCheats
Victory
Defeat
🇨🇱 Chinese · Chile
1028
+17
🇺🇸 Maya · United States
1058
-32
Jobrek'er
1:38 Loom
9:44 Feudal Age
9:58 Man-at-Arms
12:45 Double-Bit Axe
13:31 Town Watch
14:58 Fletching
22:32 Castle Age
22:04 Gold Mining
21:56 Horse Collar
22:20 Padded Archer Armor
22:33 Bloodlines
23:04 Crossbowman
23:06 Elite Skirmisher
yogurtman
3:21 Loom
11:51 Feudal Age
19:22 Double-Bit Axe
19:38 Fletching
21:36 Horse Collar
23:26 Wheelbarrow
27:04 Castle Age
Connection lost

Rejoining the realm…

Still unreachable

The connection could not be restored.

Session expired

The server has moved on; the page needs a fresh start.